 Dungeon Crawl Stone Soup version 0.30-a0-799-g109b55a442 (webtiles) character file.

Game seed: 14490012851421964910

129684 girl the Marksspriggan (level 16, -1/78 HPs)
             Began as a Spriggan Hunter on Feb 20, 2023.
             Was the Champion of Hepliaklqana.
             Slain by an anaconda (6 damage)
             ... on level 4 of the Snake Pit on Feb 21, 2023.
             The game lasted 01:28:01 (26542 turns).

girl the Marksspriggan (Spriggan Hunter)           Turns: 26542, Time: 01:28:01

Health: -1/78      AC: 11    Str:  7    XL:     16   Next: 51%
Magic:  32/36      EV: 29    Int: 11    God:    Hepliaklqana [******]
Gold:   2112       SH:  0    Dex: 26    Spells: 23/46 levels left

rFire   . . .      SeeInvis +    n - +5 arbalest (heavy)
rCold   . . .      Faith    .    (shield currently unavailable)
rNeg    . . .      Spirit   .    c - +2 robe
rPois   +          Reflect  .    (helmet restricted)
rElec   .          Harm     .    R - +2 cloak {Will+}
rCorr   .          Rampage  .    (gloves unavailable)
Will    +++..                    (boots unavailable)
Stlth   ++++                     W - amulet of regeneration
HPRegen 1.13/turn                x - +4 ring of protection
MPRegen 0.25/turn                w - ring of poison resistance

@: very quick
A: reduced essence, very small, no large weapons, unfitting armour, see
invisible, speed 3
a: Renounce Religion, Recall Ancestor, Ancestor Identity, Transference, Idealise


You were on level 4 of the Snake Pit.
You worshipped Hepliaklqana.
Hepliaklqana was exalted by your worship.
You visited 5 branches of the dungeon, and saw 25 of its levels.
You also visited: Volcano.

You collected 2730 gold pieces.
You spent 618 gold pieces at shops.

Inventory:

Hand Weapons
 n - a +5 heavy arbalest (weapon)
Armour
 c - a +2 robe (worn)
 I - the +3 cloak "Faix" {rElec rC- rCorr Int+5}
   (You acquired it on level 13 of the Dungeon)

   Int:       It affects your intelligence (+5).
   rC:        It makes you vulnerable to cold.
   rElec:     It insulates you from electricity.
   rCorr:     It protects you from acid and corrosion.
 R - a +2 cloak of willpower (worn)
Jewellery
 w - a ring of poison resistance (right hand)
 x - a +4 ring of protection (left hand)
 H - a +5 ring of evasion
 K - a ring of willpower
 W - an amulet of regeneration (around neck)
 Y - the ring "Mitoacul" {Fly rN+ rCorr Dex+2}
   (You found it on level 3 of the Lair of Beasts)

   [ring of flight]

   Dex:       It affects your dexterity (+2).
   rN:        It protects you from negative energy.
   Fly:       It grants you flight.
   rCorr:     It protects you from acid and corrosion.
Wands
 j - a wand of iceblast (7)
 p - a wand of paralysis (25)
 D - a wand of polymorph (3)
 E - a wand of flame (25)
 O - a wand of mindburst (16)
 S - a wand of quicksilver (4)
Scrolls
 b - 4 scrolls of immolation
 f - a scroll of silence
 m - 4 scrolls of amnesia
 u - 2 scrolls of vulnerability
 y - 2 scrolls of magic mapping
 A - 3 scrolls of noise
 C - 4 scrolls of fear
 F - 3 scrolls of fog
 J - a scroll of enchant armour
 L - 4 scrolls of poison
 M - 8 scrolls of teleportation
 P - 2 scrolls of blinking
Potions
 a - 4 potions of cancellation
 d - 4 potions of lignification
 e - 6 potions of resistance
 h - 4 potions of brilliance
 i - 4 potions of might
 k - 7 potions of curing
 l - 5 potions of attraction
 s - 7 potions of mutation
 t - 2 potions of magic
 z - 2 potions of haste
 B - 3 potions of degeneration
 G - 6 potions of flight
 N - 2 potions of invisibility {unknown}
 Q - a potion of heal wounds
 U - 2 potions of berserk rage {unknown}
Miscellaneous
 g - a lightning rod (4/4)
 o - a tin of tremorstones (2/2)
 r - a phantom mirror
 Z - a phial of floods


   Skills:
 + Level 11.1 Fighting
 + Level 19.4 Ranged Weapons
 + Level 10.8 Dodging
 + Level 6.1 Stealth
 * Level 15.6 Spellcasting
 * Level 14.4 Hexes
 + Level 0.5 Translocations


You had 23 spell levels left.
You knew the following spells:

 Your Spells              Type           Power      Damage    Failure   Level
a - Slow                  Hex            100%       N/A       1%          1
b - Portal Projectile     Hex/Tloc       50%        N/A       1%          3
c - Tukima's Dance        Hex            40%        N/A       1%          3
d - Blink                 Tloc           18%        N/A       9%          2
e - Yara's Violent Unrav  Hex/Tmut       12%        3d7       11%         5
f - Enfeeble              Hex            20%        N/A       16%         7
g - Ensorcelled Hibernat  Hex/Ice        48%        N/A       1%          2

Your spell library contained the following spells:

 Spells                   Type           Power      Damage    Failure   Level
 Confusing Touch          Hex            40%        N/A       1%          3
 Necrotise                Necr           32%        1d5       8%          1
 Passwall                 Tmut/Erth      6%         N/A       11%         2
 Ignite Poison            Fire/Tmut/Pois 8%         N/A       22%         3
 Swiftness                Air            8%         N/A       22%         3
 Vampiric Draining        Necr           8%         2d6       22%         3
 Manifold Assault         Tloc           9%         N/A       50%         4
 Olgreb's Toxic Radiance  Pois           8%         N/A       58%         4
 Sticky Flame             Conj/Fire      8%         2d3       58%         4
 Agony                    Necr           8%         N/A       90%         5
 Blade Hands              Tmut           4%         N/A       90%         5
 Ozocubu's Refrigeration  Ice            4%         4d8       100%        7
 Storm Form               Tmut/Air       4%         N/A       100%        7
 Ignition                 Fire           4%         3d4       100%        8


Dungeon Overview and Level Annotations

Branches:
Dungeon (15/15)            Temple (1/1) D:5            Lair (3/5) D:11
 Shoals (0/4) Lair:3        Snake (4/4) Lair:3          Orc (2/2) D:12
    Elf (0/3) Orc:2        Vaults (0/5) D:14         Depths (0/4) D:15
Volcano (visited)

Altars:
Ashenzari
Cheibriados
Dithmenos
Elyvilon
Fedhas
Gozag
Hepliaklqana
Kikubaaqudgha
Makhleb
Nemelex Xobeh
Okawaru
Qazlal
Ru
Sif Muna
Trog
Uskayaw
Vehumet
Wu Jian
Xom
Yredelemnul
Zin
The Shining One

Shops:
D:8 :   D:9 *   Orc:2 [:(?   Snake:1 :   Snake:2 *   Snake:3 [((

Annotations:
D:14 1 runed translucent door
Lair:1 1 runed translucent door, Ischil Seap's ghost, journeyman DsFi


Innate Abilities, Weirdness & Mutations

Your life essence is reduced to manifest your ancestor. (-10% HP)
You are very small and have problems with some larger weapons.
You are too small for most types of armour.
You have supernaturally acute eyesight. (SInv)
You cover ground extremely quickly. (Speed+++)


Message History

The anaconda bites you. The anaconda constricts you.
The anaconda completely misses you. The mana viper completely misses you.
The anaconda bites you!
* * * LOW HITPOINT WARNING * * *
The anaconda completely misses you. The anaconda constricts you.
* * * LOW HITPOINT WARNING * * *
The naga sharpshooter spits poison at you.
The splash of poison misses you.
The splash of poison hits Agathoclea but does no damage.
The anaconda bites you.
* * * LOW HITPOINT WARNING * * *
An anaconda comes into view.
The mana viper barely misses you.
Agathoclea hits the mana viper with a +0 broad axe of flaming!
Agathoclea burns the mana viper.
Agathoclea misses the anaconda.
The anaconda completely misses you. The anaconda constricts you.
* * * LOW HITPOINT WARNING * * *
The anaconda bites you.
* * * LOW HITPOINT WARNING * * *
You escape the anaconda's grasp.
The anaconda bites Agathoclea but does no damage.
The mana viper bites Agathoclea but does no damage.
The anaconda attacks as you move away! The anaconda closely misses you.
The anaconda misses you.
Agathoclea hits the anaconda with a +0 broad axe of flaming.
Agathoclea burns the anaconda.
Agathoclea hits the anaconda with a +0 broad axe of flaming!
Agathoclea burns the anaconda.
Agathoclea hits the anaconda with a +0 broad axe of flaming.
Agathoclea burns the anaconda.
Agathoclea blocks the anaconda's attack.
The anaconda attacks as you move away! The anaconda completely misses you. x2
The anaconda attacks as you move away! The anaconda completely misses you.
The anaconda bites you but does no damage.
Agathoclea misses the guardian serpent.
Agathoclea barely misses the anaconda.
The anaconda bites Agathoclea but does no damage.
Agathoclea blocks the anaconda's attack.
The anaconda attacks as you move away! The anaconda completely misses you.
The anaconda bites you.
You die...

...#... ......................
..##.... ...........÷..........
.##...... .......................
##.............)..............###
..... .#######.....##....##.#
##### ##.....)))...#.....#...
#....)R†....##.....#...
#...)#########.....#...
##....@S.....###...#...
###...S.SSR)..##..#'#.
########.S...#....##
##....#...... #S....##......
.......##....###
#.......##.....#..
##...####......#.. #....
#......##.


You could see the friendly Agathoclea the knight, 3 anacondas and 2 guardian
serpents.

Vanquished Creatures
  Jorgrun (Snake:2)
  A nagaraja (Snake:4)
  2 orc warlords
  Azrael (D:12)
  The ghost of sircluck the Cleaver, a journeyman MiFi of Wu Jian (D:11)
  Fannar (Lair:1)
  A hydra (Lair:3)
  A centaur warrior (D:11)
  8 anacondas
  A dancing weapon (Volcano)
  2 boulder beetles
  7 two-headed ogres
  A catoblepas (D:13)
  4 shock serpents
  3 death yaks
  14 naga warriors
  3 naga sharpshooters
  3 orc high priests (Orc:2)
  A skyshark (Lair:3)
  A salamander mystic (Snake:3)
  A deep troll (shapeshifter) (D:14)
  5 sea snakes (Snake:3)
  3 naga ritualists
  4 wizards
  7 orc knights
  6 mana vipers
  2 deep elf pyromancers
  7 salamanders
  A manticore (D:12)
  6 orc sorcerers
  4 toenail golems (Volcano)
  Maurice (D:13)
  8 cyclopes
  10 elephants
  7 naga magi
  7 guardian serpents
  23 black mambas
  An orange demon (Lair:1)
  A spectral sea snake (Snake:1)
  A gargoyle (D:11)
  6 cane toads
  A rime drake (Lair:3)
  2 unseen horrors
  2 efreet (D:15)
  An anaconda simulacrum (Snake:1)
  A kobold demonologist (D:11)
  2 komodo dragons
  2 spectral nagas (Snake:1)
  10 trolls
  A hornet (D:9)
  3 polar bears
  A spectral guardian serpent (Snake:1)
  Prince Ribbit (D:8)
  14 blink frogs
  A snapping turtle (Lair:3)
  A slime creature (D:14)
  2 vampires
  A guardian serpent skeleton (Snake:1)
  A centaur simulacrum (D:14)
  A spriggan (D:11)
  Grum (Lair:1)
  37 yaks
  5 wyverns
  8 wraiths
  A basilisk (Lair:2)
  A fire elemental (D:12)
  12 humans (D:14)
  3 sea snake simulacra (Snake:1)
  9 vampire mosquitoes
  Menkaure (D:5)
  22 nagas
  8 water moccasins
  2 wargs (Orc:2)
  An acid dragon (D:9)
  A hell hound (D:12)
  3 ice beasts
  32 orc warriors
  3 black bears
  3 ogres
  9 wolves
  12 centaurs
  3 kobold brigands
  10 bullfrogs
  3 naga simulacra (Snake:1)
  A gnoll sergeant (D:9)
  2 necrophages
  2 scorpions
  5 wights
  13 killer bees (D:8)
  6 howler monkeys
  2 electric eels
  A lava snake (D:8)
  23 orc priests
  A jelly (D:7)
  A gnoll bouda (D:8)
  4 hounds
  An iguana (D:4)
  32 orc wizards
  2 naga skeletons (Snake:1)
  6 gnolls
  7 adders
  7 river rats (D:5)
  2 shadow imps (D:5)
  An ufetubus (D:5)
  2 worms
  4 dart slugs
  73 orcs
  9 endoplasms
  6 giant cockroaches
  9 goblins
  3 hobgoblins
  3 jackals
  10 quokkas
  9 ball pythons
  4 bats
  2 frilled lizards (D:1)
  25 kobolds
  20 rats
704 creatures vanquished.

Vanquished Creatures (collateral kills)
  Josephine (D:13)
  A hydra (Lair:2)
  A boulder beetle (D:14)
  2 naga warriors
  4 anacondas
  A two-headed ogre (D:14)
  2 centaur warriors (D:14)
  Amaemon (Lair:1)
  2 naga ritualists
  A wizard (Volcano)
  A deep elf pyromancer (D:12)
  An ugly thing (D:13)
  A salamander (Snake:3)
  A toenail golem (Volcano)
  6 elephants
  2 cane toads (Lair:3)
  5 black mambas
  A rime drake (D:15)
  A komodo dragon (Lair:3)
  A spectral naga (Snake:1)
  A troll (D:11)
  A blink frog (D:11)
  3 slime creatures (D:14)
  4 yaks
  A wraith (D:11)
  2 shadows (D:11)
  4 humans (D:14)
  A spriggan (D:11)
  A fire elemental (D:12)
  2 vampire mosquitoes (D:13)
  6 nagas
  A hell hound (D:12)
  2 orc warriors
  An ogre (Orc:1)
  2 wolves (Lair:2)
  2 centaurs
  2 bullfrogs
  3 killer bees (D:8)
  2 orc priests
  4 orc wizards
  3 gnolls
  15 orcs
  2 kobolds (D:10)
101 creatures vanquished.

Vanquished Creatures (others)
  A wizard (Volcano)
  16 knights
  10 fungi
  39 plants
66 creatures vanquished.

Grand Total: 871 creatures vanquished

Notes
Turn   | Place    | Note
-------+----------+-------------------------------------------
     0 | D:1      | girl the Spriggan Hunter began the quest for the Orb.
     0 | D:1      | Reached XP level 1. HP: 10/10 MP: 2/2
    82 | D:1      | Reached XP level 2. HP: 11/15 MP: 3/3
   179 | D:1      | Found a faded altar of an unknown god.
   548 | D:1      | Reached XP level 3. HP: 18/18 MP: 4/4
  1135 | D:2      | Reached skill level 5 in Ranged Weapons
  1139 | D:2      | Reached skill level 1 in Spellcasting
  1431 | D:2      | Reached XP level 4. HP: 23/23 MP: 5/7
  1662 | D:2      | Learned a level 1 spell: Slow
  1898 | D:3      | Found a large runed translucent door.
  1899 | D:3      | Found a large runed translucent door.
  2017 | D:3      | Found a glowing golden altar of the Shining One.
  2205 | D:3      | Reached skill level 1 in Hexes
  2643 | D:3      | Reached XP level 5. HP: 15/26 MP: 8/10
  3040 | D:3      | Found a burning altar of Makhleb.
  3043 | D:3      | Found an ornate altar of the Wu Jian Council.
  3307 | D:4      | Found a hazy altar of Hepliaklqana.
  3469 | D:4      | Reached XP level 6. HP: 31/31 MP: 10/12
  4344 | D:5      | Entered Level 5 of the Dungeon
  4344 | D:5      | Found a staircase to the Ecumenical Temple.
  4351 | D:5      | Reached skill level 6 in Ranged Weapons
  4403 | Temple   | Entered the Ecumenical Temple
  4649 | D:5      | Found a stormy altar of Qazlal.
  4711 | D:5      | Noticed an ice beast
  4744 | D:4      | Killed an ice beast
  4745 | D:4      | Reached XP level 7. HP: 35/35 MP: 14/14
  4852 | D:5      | Noticed Menkaure
  4966 | D:5      | Killed Menkaure
  5013 | D:5      | Reached skill level 7 in Ranged Weapons
  5829 | D:4      | Became a worshipper of Hepliaklqana the Forgotten
  5855 | D:6      | Found a radiant altar of Vehumet.
  5895 | D:5      | Reached XP level 8. HP: 25/40 MP: 16/16
  6001 | D:6      | Reached skill level 5 in Spellcasting
  6067 | D:6      | Reached skill level 8 in Ranged Weapons
  6119 | D:6      | Identified the +5 ring mail "Ygry" {rElec rC+ Str+3 Dex-3}
  6588 | D:6      | Found a snail-covered altar of Cheibriados.
  6758 | D:6      | Learned a level 3 spell: Portal Projectile
  6762 | D:6      | Learned a level 3 spell: Tukima's Dance
  6915 | D:6      | Reached skill level 5 in Hexes
  7021 | D:6      | Reached skill level 9 in Ranged Weapons
  7160 | D:7      | Reached XP level 9. HP: 45/45 MP: 18/18
  7544 | D:7      | Reached * piety under Hepliaklqana
  7778 | D:8      | Found Sulirah's Self-Improvement Boutique.
  7946 | D:8      | Reached skill level 10 in Ranged Weapons
  8037 | D:8      | Found a hide-covered altar of Uskayaw.
  8732 | D:8      | Noticed Prince Ribbit
  8746 | D:8      | Killed Prince Ribbit
  8747 | D:8      | Reached XP level 10. HP: 45/45 MP: 21/21
  9470 | D:9      | Reached ** piety under Hepliaklqana
  9471 | D:9      | Remembered your ancestor Agathoclea as a knight
  9738 | D:9      | Reached skill level 11 in Ranged Weapons
  9738 | D:9      | Reached skill level 5 in Dodging
  9847 | D:9      | Reached skill level 5 in Fighting
 10114 | D:9      | Found an iron altar of Okawaru.
 10169 | D:9      | Found Qale's General Store.
 10172 | D:9      | Bought a scroll of identify for 34 gold pieces
 10233 | D:9      | Noticed a two-headed ogre
 10272 | D:9      | Killed a two-headed ogre
 10521 | D:10     | Entered Level 10 of the Dungeon
 10540 | D:10     | Noticed a cyclops
 10569 | D:9      | Reached skill level 12 in Ranged Weapons
 10569 | D:9      | Reached XP level 11. HP: 50/50 MP: 24/24
 11165 | D:10     | Found an opulent altar of Gozag.
 11255 | D:10     | Reached *** piety under Hepliaklqana
 11550 | D:11     | Noticed a two-headed ogre
 11552 | D:11     | Noticed a two-headed ogre
 11553 | D:11     | Killed a two-headed ogre
 11555 | D:11     | Noticed a two-headed ogre
 11555 | D:11     | Noticed a death yak
 11563 | D:11     | Killed a two-headed ogre
 11595 | D:11     | Killed a two-headed ogre
 11612 | D:11     | Killed a death yak
 11651 | D:11     | Reached skill level 13 in Ranged Weapons
 11757 | D:11     | Noticed a two-headed ogre
 11761 | D:11     | Killed a two-headed ogre
 11762 | D:11     | Reached skill level 10 in Spellcasting
 11856 | D:11     | Noticed a centaur warrior
 12027 | D:11     | Found a staircase to the Lair.
 12037 | D:11     | Noticed a death yak
 12052 | D:11     | Noticed a death yak
 12198 | D:11     | Reached XP level 12. HP: 54/54 MP: 27/27
 12209 | D:10     | Killed a death yak
 12307 | D:10     | Killed a death yak
 12502 | D:12     | Noticed a two-headed ogre
 12503 | D:12     | Noticed a boulder beetle
 12526 | D:11     | Killed a two-headed ogre
 12904 | D:12     | Found a staircase to the Orcish Mines.
 12915 | D:12     | Reached skill level 14 in Ranged Weapons
 12969 | D:12     | Noticed Azrael
 12979 | D:12     | Killed Azrael
 13088 | D:12     | Noticed a two-headed ogre
 13089 | D:12     | Killed a two-headed ogre
 13104 | D:12     | Reached skill level 10 in Hexes
 13815 | D:13     | Reached **** piety under Hepliaklqana
 13839 | D:13     | Noticed a catoblepas
 13846 | D:13     | Killed a catoblepas
 13847 | D:13     | Reached skill level 15 in Ranged Weapons
 14010 | D:13     | Reached XP level 13. HP: 60/60 MP: 29/29
 14156 | D:13     | Noticed Maurice
 14158 | D:13     | Killed Maurice
 14185 | D:13     | You fall into a shaft and drop 2 floors!
 14185 | D:15     | Entered Level 15 of the Dungeon
 14519 | D:14     | Found a gate to the Vaults.
 14777 | D:14     | Found a gate leading to a gauntlet.
 15092 | D:14     | Found a runed translucent door.
 15419 | D:13     | Noticed Josephine
 15431 | D:13     | Killed Josephine
 15433 | D:13     | Reached skill level 16 in Ranged Weapons
 15742 | D:13     | Identified a scroll of acquirement
 15743 | D:13     | Acquired the +3 cloak "Faix" {rElec rC- rCorr Int+5}
 16022 | D:15     | Reached ***** piety under Hepliaklqana
 16055 | D:15     | HP: 2/61 [meliai/divine providence (9)]
 16812 | D:11     | Found a runed translucent door.
 16945 | D:11     | Noticed sircluck's ghost (journeyman MiFi)
 16949 | D:11     | Identified the +8 trident of Bes Hyf {spect, rPois}
 17131 | D:11     | Killed sircluck's ghost
 17285 | Orc:1    | Entered Level 1 of the Orcish Mines
 17419 | Orc:2    | Entered Level 2 of the Orcish Mines
 17562 | Orc:1    | Reached skill level 5 in Stealth
 17742 | Orc:2    | Found Ciduus's Magic Scroll Emporium.
 17890 | Orc:2    | Reached XP level 14. HP: 44/66 MP: 31/31
 18283 | Orc:2    | Found Duirchan's Armour Emporium.
 18284 | Orc:2    | Found Ilularep's Antique Weapon Shop.
 18284 | Orc:2    | Found Metam's Book Shop.
 18291 | Orc:2    | Bought a scroll of identify for 28 gold pieces
 18291 | Orc:2    | Bought a scroll of teleportation for 42 gold pieces
 18291 | Orc:2    | Bought a scroll of teleportation for 42 gold pieces
 18291 | Orc:2    | Bought a scroll of fear for 56 gold pieces
 18311 | Orc:2    | Bought an Inescapable Atlas for 416 gold pieces
 18314 | Orc:2    | Learned a level 2 spell: Blink
 18320 | Orc:2    | Learned a level 5 spell: Yara's Violent Unravelling
 18328 | Orc:2    | Learned a level 7 spell: Enfeeble
 18331 | Orc:2    | Learned a level 2 spell: Ensorcelled Hibernation
 18463 | Orc:2    | Noticed an orc warlord
 18475 | Orc:2    | Killed an orc warlord
 18500 | Orc:1    | Reached skill level 17 in Ranged Weapons
 18613 | Orc:1    | Noticed an orc warlord
 18616 | Orc:1    | Killed an orc warlord
 18735 | Orc:2    | Found a staircase to the Elven Halls.
 19176 | Lair:1   | Entered Level 1 of the Lair of Beasts
 19195 | Lair:1   | Noticed Grum
 19201 | Lair:1   | Killed Grum
 19870 | Lair:1   | Noticed Fannar
 20004 | Lair:1   | Killed Fannar
 20099 | Lair:1   | Noticed Ischil Seap's ghost (journeyman DsFi)
 20102 | Lair:1   | Found a runed translucent door.
 20145 | Lair:1   | Noticed Amaemon
 20157 | Lair:1   | Killed Amaemon
 20832 | Lair:2   | Identified the +1 leather armour of Vyuhan {rPois Int+4}
 21455 | Lair:3   | Found a dark tunnel.
 21463 | Volcano  | Entered a volcano
 21544 | Volcano  | Reached skill level 18 in Ranged Weapons
 21593 | Volcano  | Reached XP level 15. HP: 71/71 MP: 34/34
 21848 | Lair:3   | Identified the ring "Mitoacul" {Fly rN+ rCorr Dex+2}
 21940 | Lair:3   | Identified the +3 leather armour "Pogiytuv" {+Inv Slay+2
                  | SInv}
 22115 | Lair:3   | Found a staircase to the Snake Pit.
 22366 | Lair:3   | Found a staircase to the Shoals.
 22576 | Snake:1  | Entered Level 1 of the Snake Pit
 22856 | Snake:1  | Reached ****** piety under Hepliaklqana
 23069 | Snake:1  | Found Lopum's Book Boutique.
 24183 | Snake:2  | Noticed Jorgrun
 24189 | Snake:2  | Killed Jorgrun
 24293 | Snake:2  | Found Yxtutas's Neck Hole.
 24643 | Snake:3  | Reached skill level 10 in Fighting
 25318 | Snake:3  | Reached skill level 10 in Dodging
 25321 | Snake:3  | Reached skill level 15 in Spellcasting
 25364 | Snake:3  | Reached skill level 19 in Ranged Weapons
 25392 | Snake:3  | Reached XP level 16. HP: 77/77 MP: 33/36
 25462 | Snake:3  | Found Imoeh's Antique Armour Emporium.
 25768 | Snake:3  | Found Zusy's Antique Weapon Shop.
 25768 | Snake:3  | Found Issa's Weapon Boutique.
 26086 | Snake:4  | Entered Level 4 of the Snake Pit
 26535 | Snake:4  | HP: 1/78 [anaconda (6)]
 26542 | Snake:4  | Slain by an anaconda

Illustrated notes

Levels and vault maps discovered:
D:1:      grunt_arrival_crossed_arrows, layout_basic,
          shapermc_ecumenical_altar_starsandcircs,
          chequers_serial_rivers_small_3
D:2:      layout_basic
D:3:      layout_basic, general_overflow_altar, jmf_multi_god_temple2,
          st_stairs_12
D:4:      layout_layer_cave, nicolae_overflow_hidden_temple,
          kennysheep_pointless_box
D:5:      lemuel_ratsnest, layout_cave_pools, mainiacjoe_overflow_paths,
          minmay_temple_entry_junction, uniq_menkaure
D:6:      layout_basic, mainiacjoe_overflow_alcove_2, vehumet_altar_wand_db,
          hangedman_decor_opposing, chequers_serial_rivers_small_b
D:7:      layout_rooms, moated_statue
D:8:      layout_layer_cave, lemuel_round_altar, kennysheep_cluttered_room,
          nicolae_shop_self_help, uniq_prince_ribbit1
D:9:      minmay_clustersquares, layout_irregular_city,
          okawaru_altar_gauntlet_db, serial_shops, nicolae_shop_behind_doors,
          minmay_misc_feat_alley
D:10:     layout_long_grid, kennysheep_mini_moat, kennysheep_potato
D:11:     wad_arrow_thing, layout_cave_pools, dpeg_lair_monsters,
          ebering_ghost_funeral_grove, minmay_fractal_squares_5
D:12:     layout_loops_ring, minmay_orc_entry_temple_small, st_stairs_10,
          lightli_minifort, uniq_azrael
D:13:     layout_small_grid, uniq_maurice, uniq_josephine
D:14:     gammafunk_mikee_crab_dinner, layout_basic, david_vaults_3,
          gauntlet_entry_generic, kennysheep_path_1
D:15:     grunt_enter_depths_hoard, layout_cave_pools, special_room
          [special_room_mythical_zoo], nicolae_kite_square_tiling_tiny
Temple:   hellmonk_temple_forest_ring
Lair:1:   layout_roguey, hellmonk_ghost_happy_afterlife, st_stairs_12,
          uniq_amaemon, uniq_grum, uniq_fannar
Lair:2:   layout_small_grid, infiniplex_staircase_pool_2
Lair:3:   layout_misc_corridors, minmay_shoals_entry_hut,
          nicolae_snake_entry_squirm, nicolae_volcano_entry_s_turn,
          serial_bayou_shore_a
Snake:1:  layout_chambers, serial_shops, shop,
          nicolae_snake_the_dead_are_slithering
Snake:2:  layout_gridlike, nicolae_shop_sticking_my_neck_out, uniq_jorgrun
Snake:3:  layout_cave_town, serial_shops, shop, nicolae_snake_snake_lake,
          nrook_guardian_serpent_ordinary, minmay_shoptagon,
          serial_bayou_shore_b
Snake:4:  grunt_snake_rune_serpentine_throne, layout_cave_town
Orc:1:    layout_caves, serial_shops, nicolae_shop_bloodbath_and_beyond
Orc:2:    st_orc_elflike, layout_caves, basic_altar, nicolae_orc_damp_corner

Skill      XL: |  1  2  3  4  5  6  7  8  9 10 11 12 13 14 15 16 |
---------------+-------------------------------------------------+-----
Fighting       | 2 3 4 5 6 7 8 9 10 11 | 11.1
Ranged Weapons | 5 6 7 9 10 12 13 15 16 18 19 | 19.4
Spellcasting   | 1 2 3 4 5 7 8 10 11 12 14 15 | 15.6
Hexes          | 1 2 3 4 5 6 7 9 10 11 12 13 14 | 14.4
Stealth        | 2 3 4 5 6 |  6.1
Dodging        | 3 4 6 7 8 10 | 10.8
Translocations | |  0.5

Action                     |  1- 3 |  4- 6 |  7- 9 | 10-12 | 13-15 | 16-18 || total
---------------------------+-------+-------+-------+-------+-------+-------++-------
  Melee: Arbalest          |       |       |       |     1 |       |       ||     1
   Fire: Shortbow          |   107 |     9 |       |       |       |       ||   116
         Arbalest          |     1 |   136 |   282 |   328 |   737 |   142 ||  1626
   Cast: Slow              |       |       |     7 |    16 |     3 |       ||    26
         Tukima's Dance    |       |       |       |       |     1 |       ||     1
         Portal Projectile |       |       |       |       |     1 |       ||     1
 Invoke: Recall Ancestor   |       |       |     2 |    16 |    41 |     1 ||    60
         Ancestor Life: Kn |       |       |       |     1 |       |       ||     1
         Ancestor Identity |       |       |       |     1 |       |       ||     1
    Use: Scroll            |       |     5 |     6 |    15 |    16 |     3 ||    45
         Potion            |       |     3 |     1 |     3 |     3 |       ||    10
 Armour: Robe              |     5 |     5 |    25 |    20 |    43 |     5 ||   103
  Dodge: Dodged            |    24 |    31 |   111 |   197 |   344 |    80 ||   787

Table legend: (Time is in decaauts)
 A = Elapsed time spent in this place.
 B = Non-inter-level travel time spent in this place.
 C = Inter-level travel time spent in this place.
 D = Time resting spent in this place.
 E = Time spent auto-exploring this place.
 F = Levels seen in this place.
 G = Mean time per level.
                   A        B        C        D        E       F      G
               +--------+--------+--------+--------+--------+-----+--------+
         Total |  20065 |  19161 |    904 |   3747 |   8820 |  26 |  771.7 |
       Dungeon |  13291 |  12536 |    755 |   2439 |   5868 |  15 |  886.1 |
        Temple |     88 |     82 |      6 |      0 |     74 |   1 |   88.0 |
          Lair |   1808 |   1771 |     37 |    151 |    845 |   3 |  602.7 |
     Snake Pit |   3071 |   3045 |     26 |    579 |   1550 |   4 |  767.8 |
  Orcish Mines |   1525 |   1446 |     79 |    517 |    386 |   2 |  762.5 |
       Volcano |    279 |    279 |      0 |     60 |     94 |   1 |  279.0 |
               +--------+--------+--------+--------+--------+-----+--------+

Top non-repeatable levels by time:
    D:11: 1791 daAuts
     D:8: 1239 daAuts
 Snake:3: 1194 daAuts
    D:14: 1105 daAuts
    D:10: 1072 daAuts
   Orc:2: 1038 daAuts
     D:4: 1037 daAuts
     D:6: 1012 daAuts
    D:12: 959 daAuts
     D:5: 882 daAuts
     D:9: 865 daAuts
     D:3: 831 daAuts
 Snake:2: 790 daAuts
 Snake:1: 720 daAuts
     D:2: 708 daAuts
